Map: Вечная империя РВ

Players

ИИ 1 (знаток) - Winner!

  • Race: Terran Terran
  • Spawn Location: 1:00

Doll

  • Race: Zerg Zerg
  • Spawn Location: 7:00

VOD

Have the link to the VOD?

Description

Time

  • Played on: April 3, 2021, 5:38 a.m.
  • Length: 11:23
Show
View Real Time Build Order
Export as new Build Order

ИИ 1 (знаток) Terran - Winner!

Build Orders:  

Get SALT Encoding   

  12  0:00  SCV  
  13  0:13  SCV  
  14  0:19  Supply Depot  
  14  0:25  SCV  
  15  0:40  SCV  
  15  0:42  Barracks  
  16  0:52  SCV  
  17  1:04  SCV  
  18  1:17  Command Center  
  18  1:30  Orbital Command, Marine  
  19  1:39  Supply Depot  
  19  1:46  Refinery  
  19  1:48  Marine  
  20  1:55  SCV  
  21  2:01  Barracks  
  21  2:07  Refinery  
  21  2:08  SCV  
  22  2:13  Marine  
  23  2:20  SCV  
  24  2:29  Supply Depot  
  24  2:32  SCV, Barracks Tech Lab  
  25  2:45  SCV  
  25  2:48  Marine  
  25  2:51  Marine  
  28  3:01  SCV  
  28  3:03  SCV  
  30  3:05  Marine  
  30  3:11  Marine  
  32  3:13  SCV  
  32  3:16  SCV  
  34  3:24  Factory  
  34  3:25  SCV  
  34  3:26  Barracks Tech Lab  
  35  3:28  SCV  
  35  3:29  Marauder  
  38  3:36  Factory  
  38  3:37  SCV  
  39  3:45  Refinery, Marauder  
  41  3:57  Refinery  
  41  4:08  Factory Tech Lab  
  41  4:10  Starport  
  41  4:12  Starport  
  41  4:16  Marauder  
  43  4:20  Factory Tech Lab  
  43  4:26  Marauder  
  43  4:31  Hellion  
  43  4:38  Marauder  
  38  4:39  Hellion  
  34  4:46  Starport Tech Lab  
  34  4:49  Starport Tech Lab  
  34  4:52  SCV, Hellion  
  28  4:56  Marine  
  28  4:59  SCV  
  24  5:05  SCV  
  24  5:06  Marine  
  26  5:13  SCV  
  27  5:17  SCV  
  28  5:24  Marine  
  28  5:25  SCV  
  30  5:30  SCV  
  31  5:36  Marine  
  31  5:37  SCV  
  31  5:42  SCV  
  34  5:46  Marine  
  34  5:49  SCV  
  36  5:54  SCV  
  36  5:56  Marine  
  38  6:01  SCV  
  39  6:06  SCV  
  39  6:07  Marauder  
  42  6:14  SCV  
  46  6:18  SCV, Marauder  
  46  6:26  SCV  
  46  6:30  SCV  
  48  6:32  Supply Depot  
  48  6:38  SCV  
  49  6:42  SCV  
  50  6:47  Ghost Academy  
  50  6:59  Medivac  
  52  7:02  SCV  
  52  7:04  SCV  
  54  7:11  Supply Depot  
  54  7:14  SCV  
  55  7:16  SCV, Ghost  
  58  7:25  Stimpack  
  58  7:26  SCV  
  58  7:28  SCV  
  60  7:35  Combat Shield  
  60  7:38  SCV  
  60  7:41  SCV  
  62  7:50  SCV  
  63  7:51  Engineering Bay  
  63  8:00  SCV  
  63  8:02  SCV, Supply Depot  
  65  8:10  Marine  
  65  8:12  SCV  
  67  8:14  SCV  
  67  8:19  Terran Infantry Weapons Level 1  
  68  8:20  Marine  
  68  8:24  SCV  
  70  8:28  SCV  
  70  8:29  Supply Depot  
  70  8:30  Marine  
  72  8:36  SCV  
  72  8:40  SCV, Marine  
  75  8:50  SCV, Marine  
  75  8:53  SCV, Supply Depot  
  75  8:54  Concussive Shells  
  78  9:00  Marine  
  78  9:02  SCV  
  82  9:10  Marauder  
  82  9:11  Barracks  
  82  9:14  Factory  
  82  9:18  Starport  
  82  9:19  Marauder  
  82  9:20  Supply Depot  
  82  9:21  Command Center  
  86  9:31  Marauder  
  86  9:33  Raven  
  86  9:34  Raven  
  86  9:37  Widow Mine  
  92  9:47  Supply Depot  
  92  9:54  Medivac  
  92  9:58  Factory Tech Lab, Missile Turret, Barracks Reactor  
  92  9:59  Marine  
  95  10:01  Missile Turret  
  95  10:02  Marine  
  68  10:16  Banshee  
  68  10:17  Medivac, Marine  
  68  10:20  Marine  
  75  10:24  Starport Reactor  
  75  10:30  Siege Tank  
  75  10:33  Widow Mine  
  80  10:35  Marine  
  80  10:38  Marine  
  80  10:40  SCV  
  80  10:41  Marine  
  80  10:42  SCV  
  84  10:44  SCV, Marine  
  85  10:52  SCV  
  85  10:53  Marine  
  85  10:56  Marine  
  78  10:59  Marine  
  78  11:02  Marine  
  84  11:05  SCV  
  84  11:07  SCV  
  84  11:08  SCV  
Show
View Real Time Build Order
Export as new Build Order

Doll Zerg 

Build Orders: Pool First 

Get SALT Encoding   

  12  0:21  Spawning Pool  
  11  0:24  Drone  
  12  0:28  Drone  
  12  0:35  Drone  
  14  0:41  Overlord  
  14  1:08  Zergling x6  
  17  1:20  Hatchery, Zergling x2  
  17  1:24  Extractor  
  16  1:30  Zergling x2  
  17  1:39  Queen  
  19  1:44  Drone  
  20  1:53  Drone  
  21  2:02  Overlord  
  21  2:13  Drone  
  22  2:24  Metabolic Boost  
  22  2:27  Drone  
  23  2:34  Drone  
  24  2:40  Drone  
  24  2:43  Queen  
  27  2:48  Drone  
  28  2:51  Drone  
  28  2:56  Drone  
  30  3:00  Zergling x2  
  30  3:03  Zergling x2  
  32  3:06  Zergling x2  
  32  3:09  Zergling x2  
  34  3:14  Zergling x2  
  34  3:19  Overlord  
  35  3:22  Zergling x2  
  36  3:32  Extractor  
  35  3:37  Drone, Roach Warren  
  35  3:39  Drone  
  36  3:43  Zergling x2  
  36  3:46  Zergling x2  
  38  3:49  Zergling x2  
  38  3:53  Zergling x2  
  40  3:58  Drone  
  40  3:59  Drone  
  40  4:02  Zergling x2  
  43  4:05  Drone  
  44  4:14  Overlord  
  44  4:22  Lair  
  44  4:28  Overlord  
  39  4:34  Drone  
  39  4:35  Drone  
  39  4:37  Drone  
  40  4:39  Drone  
  40  4:42  Drone  
  42  4:46  Drone  
  42  4:49  Drone  
  42  4:52  Drone  
  39  5:03  Roach x2  
  39  5:04  Roach  
  39  5:06  Roach  
  45  5:13  Roach  
  45  5:14  Spine Crawler  
  46  5:17  Roach  
  46  5:20  Roach  
  50  5:23  Roach  
  50  5:28  Overlord  
  52  5:35  Hydralisk Den  
  52  5:37  Drone x2  
  52  5:39  Drone  
  52  5:41  Drone  
  55  5:43  Drone  
  55  5:47  Drone  
  55  5:48  Drone  
  58  5:53  Drone x2  
  60  5:58  Drone  
  60  5:59  Drone  
  62  6:12  Overseer  
  62  6:14  Overseer  
  62  6:16  Hatchery, Pneumatized Carapace  
  62  6:18  Hydralisk  
  61  6:22  Hydralisk  
  65  6:27  Overlord  
  65  6:29  Glial Reconstitution  
  65  6:34  Hydralisk  
  65  6:36  Overlord  
  67  6:46  Infestation Pit  
  66  6:48  Drone, Baneling Nest  
  66  6:49  Drone x2  
  66  6:50  Drone x2  
  66  6:52  Drone  
  71  6:55  Hydralisk  
  71  6:57  Hydralisk  
  71  7:00  Hydralisk  
  77  7:04  Hydralisk  
  77  7:07  Hydralisk  
  81  7:10  Hydralisk  
  81  7:15  Drone  
  84  7:17  Overlord  
  84  7:30  Extractor x2  
  84  7:32  Roach  
  84  7:33  Roach  
  84  7:34  Roach x2  
  84  7:37  Roach  
  92  7:39  Overlord x2  
  92  7:45  Drone  
  92  7:49  Evolution Chamber  
  92  7:51  Evolution Chamber  
  91  7:53  Drone x3  
  91  7:54  Evolution Chamber  
  93  7:59  Infestor  
  93  8:01  Zergling x2  
  93  8:02  Zergling x2  
  93  8:03  Zergling x4  
  99  8:06  Drone  
  99  8:11  Drone x2  
  102  8:16  Zerg Melee Weapons Level 1  
  102  8:19  Zerg Missile Weapons Level 1  
  102  8:20  Drone  
  102  8:21  Drone  
  102  8:22  Drone x3  
  102  8:24  Drone  
  108  8:31  Drone  
  108  8:32  Zerg Ground Armor Level 1  
  109  8:34  Overlord  
  109  8:40  Roach  
  109  8:41  Drone  
  112  8:43  Drone  
  112  8:44  Overlord  
  113  8:51  Overlord  
  113  8:53  Queen  
  113  8:55  Drone x3  
  117  8:56  Drone  
  119  9:03  Infestor  
  119  9:04  Infestor  
  119  9:08  Baneling x2  
  119  9:09  Baneling  
  123  9:11  Baneling  
  123  9:13  Baneling  
  123  9:16  Baneling  
  123  9:18  Baneling  
  123  9:22  Drone  
  123  9:23  Drone x2  
  123  9:24  Drone x3, Overlord  
  129  9:31  Centrifical Hooks  
  129  9:33  Overlord x3  
Tags
 
Add a new tag
Caveats
  • Supply blocks, unpowered buildings, or Contaminate may cause inaccurate times.
  • Supply counts are checked every 10 seconds.